 Dungeon Crawl Stone Soup version 0.26.0-10-g1f06aea511 (webtiles) character file.

Game seed: 11400929146439770014

48183 dohliylev the Peltast (level 14, -1/90 HPs)
             Began as a Gargoyle Fighter on Jan 16, 2021.
             Was a High Priest of the Shining One.
             Splashed by an oklob plant's acid (14 damage)
             ... on level 4 of the Lair of Beasts.
             The game lasted 01:17:00 (19371 turns).

dohliylev the Peltast (Gargoyle Fighter)           Turns: 19371, Time: 01:17:00

Health: -1/90      AC: 23    Str: 34    XL:     14   Next: 45%
Magic:  20/20      EV: 16    Int:  9    God:    the Shining One [*****.]
Gold:   1533       SH: 21    Dex: 18    Spells: 13/13 levels left

rFire    . . .     SeeInvis .   v - +4 morningstar (protect)
rCold    . . .     Faith    .   c - +0 kite shield
rNeg     + + +     Spirit   .   H - +3 ring mail of Sif Muna's Approval {Dex+3 Slay+2}
rPois    ∞         Reflect  +   h - +2 helmet
rElec    +         Harm     .   C - +2 cloak
rCorr    .         Rampage  .   V - +2 pair of gloves {Str+3}
Will     +....                  L - +0 pair of boots
Stlth    +.........             j - amulet of reflection
HPRegen  0.25/turn              a - +6 ring of strength
MPRegen  0.17/turn              r - +6 ring of dexterity

@: about to teleport, corroded, protection aura, glowing
A: big wings, mutation resistance 1, negative energy resistance 1, electricity
resistance, unbreathing, petrification resistance, miasma immunity, AC +10
a: Fly, Renounce Religion, Divine Shield, Cleansing Flame, Summon Divine Warrior


You were on level 4 of the Lair of Beasts.
You worshipped the Shining One.
The Shining One was extremely pleased with you.
You visited 3 branches of the dungeon, and saw 18 of its levels.
You also visited: Bailey and Volcano.

You collected 1533 gold pieces.

Inventory:

Hand Weapons
 v - a +4 morningstar of protection (weapon)
 F - a +5 morningstar
 Q - a +2 mace of flaming
Armour
 c - a +0 kite shield (worn)
 h - a +2 helmet (worn)
 C - a +2 cloak (worn)
 H - the +3 ring mail of Sif Muna's Approval (worn) {Dex+3 Slay+2}
   (You found it on level 11 of the Dungeon)

   It affects your dexterity (+3).
   It affects your accuracy and damage with ranged weapons and melee attacks
   (+2).
 L - a +0 pair of boots (worn)
 N - a +2 chain mail of cold resistance
 O - the +8 chain mail "Ciasol" {rF+}
   (You found it on level 1 of the Lair of Beasts)

   It protects you from fire.
 U - +0 fire dragon scales
 V - a +2 pair of gloves of strength (worn)
Jewellery
 a - a +6 ring of strength (left hand)
 j - an amulet of reflection (around neck)
 o - an uncursed ring of protection from fire
 r - a +6 ring of dexterity (right hand)
 E - an uncursed ring of ice
Wands
 l - a wand of digging (12)
 t - a wand of enslavement (4)
 B - a wand of paralysis (5)
Scrolls
 e - 3 scrolls of remove curse
 f - 2 scrolls of identify
 k - 3 scrolls of magic mapping
 n - 4 scrolls of teleportation
 p - 9 scrolls of enchant armour
 q - a scroll of fog
 s - 2 scrolls of fear
 y - 4 scrolls of blinking
 z - 2 scrolls of enchant weapon
 D - a scroll of silence
 G - 2 scrolls of acquirement
 J - a scroll of holy word
 K - 2 scrolls of amnesia
Potions
 b - 2 potions of berserk rage
 d - 4 potions of might
 g - a potion of cancellation {unknown}
 i - 5 potions of curing
 m - a potion of brilliance
 u - 8 potions of flight
 w - 2 potions of haste
 x - a potion of magic {unknown}
 A - 2 potions of invisibility {unknown}
 P - 7 potions of ambrosia {unknown}
 S - a potion of experience {unknown}


   Skills:
 + Level 11.5 Fighting
 - Level 12.0 Maces & Flails
 + Level 8.8 Armour
 + Level 6.4 Dodging
 + Level 15.1 Shields
 * Level 9.1 Invocations


You had 13 spell levels left.
You didn't know any spells.
Your spell library contained the following spells:

 Spells                   Type           Power        Failure   Level
 Corona                   Hex            0%           45%         1
 Foxfire                  Conj/Fire      0%           45%         1
 Freeze                   Ice            0%           45%         1
 Magic Dart               Conj           0%           45%         1
 Summon Small Mammal      Summ           0%           45%         1
 Blink                    Tloc           N/A          61%         2
 Call Imp                 Summ           0%           61%         2
 Ensorcelled Hibernation  Hex/Ice        0%           61%         2
 Passwall                 Tmut/Erth      0%           61%         2
 Slow                     Hex            0%           61%         2
 Call Canine Familiar     Summ           0%           83%         3
 Confusing Touch          Hex            0%           83%         3
 Conjure Flame            Conj/Fire      0%           83%         3
 Dazzling Flash           Conj/Hex       0%           83%         3
 Frozen Ramparts          Ice            0%           83%         3
 Gell's Gravitas          Tloc           0%           83%         3
 Inner Flame              Hex/Fire       0%           83%         3
 Lesser Beckoning         Tloc           0%           83%         3
 Mephitic Cloud           Conj/Pois/Air  0%           83%         3
 Ozocubu's Armour         Ice            0%           83%         3
 Summon Guardian Golem    Hex/Summ       0%           83%         3
 Teleport Other           Tloc           0%           83%         3
 Tukima's Dance           Hex            0%           83%         3
 Hailstorm                Conj/Ice       0%           99%         4
 Passage of Golubria      Tloc           N/A          99%         4
 Sticky Flame             Conj/Fire      0%           99%         4
 Summon Ice Beast         Ice/Summ       0%           99%         4
 Summon Lightning Spire   Summ/Air       0%           99%         4
 Bolt of Magma            Conj/Fire/Erth 0%           100%        5
 Fireball                 Conj/Fire      0%           100%        5
 Irradiate                Conj/Tmut      0%           100%        5
 Hydra Form               Tmut           0%           100%        6
 Dragon Form              Tmut           0%           100%        7
 Malign Gateway           Summ/Tloc      0%           100%        7
 Statue Form              Tmut/Erth      Unusable     N/A         6

Dungeon Overview and Level Annotations

Branches:
Dungeon (13/15)            Temple (1/1) D:6            Lair (4/6) D:9
 Spider (0/4) Lair:3          Orc (0/2) D:10         Bailey (visited)
Volcano (visited)
  Swamp: Lair:2-4    Shoals: Lair:2-4    Vaults: D:13-14

Altars:
Ashenzari
Cheibriados
Dithmenos
Elyvilon
Fedhas
Gozag
Hepliaklqana
Kikubaaqudgha
Makhleb
Nemelex Xobeh
Okawaru
Qazlal
Ru
Sif Muna
Trog
Uskayaw
Vehumet
Wu Jian
Xom
Yredelemnul
Zin
The Shining One

Portals:
Trove: D:11 (give +3 fire dragon scales)

Annotations:
Lair:4 exclusion: oklob plant


Innate Abilities, Weirdness & Mutations

You are resistant to torment.
Your stone body is resilient. (AC +10)
You are immune to poison.
Your large and strong wings let you fly indefinitely.
You resist negative energy. (rN+)
You are resistant to electric shocks. (rElec)
You can survive without breathing.
You are immune to petrification.
You are immune to miasma.
You are somewhat resistant to further mutation.


Message History

The acid corrodes you!
You are splashed with acid!
* * * LOW HITPOINT WARNING * * *
You hit the oklob plant but do no damage.
The oklob plant spits acid at you. The splash of acid hits you.
* * * LOW HITPOINT WARNING * * *
You are splashed with acid!
* * * LOW HITPOINT WARNING * * *
You feel better. The oklob plant spits acid at you.
The splash of acid hits you but does no damage.
You are splashed with acid!
* * * LOW HITPOINT WARNING * * *
You feel better.
As you read the scroll of teleportation, it crumbles to dust.
You feel strangely unstable. The oklob plant spits acid at you.
The splash of acid hits you but does no damage.
The acid corrodes you!
You are splashed with acid!
You die...

##### ## #..)# #.#
#@|"# #.## .. .
#P).####...##.....
...#...#.............
......................
........#†............
.......................
.......................
....................(..
.......................


You could see an oklob plant.

Vanquished Creatures
  An orc warlord (Bailey)
  Snorg (D:13)
  4 hydras
  A centaur warrior (D:13)
  5 two-headed ogres
  A dancing weapon (Volcano)
  4 skeletal warriors (D:13)
  2 unseen horrors (D:11)
  5 wizards (Volcano)
  Pikel (D:6)
  4 orc knights (Bailey)
  An oklob plant (Lair:4)
  An orb spider (Lair:3)
  5 ugly things
  2 cyclopes (D:11)
  Maurice (D:8)
  4 elephants (Lair:2)
  5 toenail golems (Volcano)
  A black mamba (Lair:4)
  A gargoyle (D:10)
  Maggie (D:9)
  2 cane toads
  3 rime drakes
  2 komodo dragons
  A queen bee (Lair:2)
  A troll (D:13)
  Prince Ribbit (D:9)
  A slime creature (D:11)
  4 blink frogs (Lair:2)
  2 shadows
  4 wyverns
  Eustachio (D:5)
  A basilisk (D:11)
  27 yaks
  A steam dragon (Lair:2)
  Edmund (D:5)
  5 wargs
  11 water moccasins
  7 ice beasts
  A meliai simulacrum (D:10)
  4 sky beasts
  11 orc warriors
  A black bear (Lair:2)
  3 necrophages
  3 phantoms
  7 ogres
  An eye of draining (D:9)
  18 wolves
  6 centaurs
  4 big kobolds
  12 bullfrogs
  5 scorpions
  A wyvern skeleton (D:11)
  34 killer bees
  15 wights
  6 howler monkeys
  4 electric eels (D:10)
  3 centaur zombies
  A quasit (D:11)
  3 bullfrog zombies
  5 hounds
  6 jellies
  A water moccasin simulacrum (D:10)
  2 bullfrog skeletons
  5 centaur skeletons
  17 orc priests
  A gnoll shaman (D:9)
  14 orc wizards
  Natasha (twice) (D:4)
  4 iguanas
  9 worker ants
  3 hound zombies
  2 hound skeletons
  A worker ant zombie (D:11)
  Robin (D:3)
  7 adders
  17 gnolls
  5 shadow imps
  5 white imps
  A worker ant simulacrum (D:10)
  4 ufetubi
  4 worms (D:2)
  7 dart slugs
  3 leopard geckos
  71 orcs
  3 ball pythons
  5 giant cockroaches
  38 goblins
  19 hobgoblins
  18 jackals
  4 quokkas
  10 bats
  3 frilled lizards
  29 kobolds
  6 rats
601 creatures vanquished.

Vanquished Creatures (others)
  An orc (D:10)
  A kobold (D:13)
  4 fungi
  10 plants
16 creatures vanquished.

Grand Total: 617 creatures vanquished

Notes
Turn   | Place    | Note
-------+----------+-------------------------------------------
     0 | D:1      | dohliylev the Gargoyle Fighter began the quest for the Orb.
     0 | D:1      | Reached XP level 1. HP: 14/14 MP: 1/1
   194 | D:1      | Reached XP level 2. HP: 18/19 MP: 2/2
   937 | D:2      | Reached XP level 3. HP: 23/23 MP: 3/3
  1128 | D:2      | Found a shimmering altar of Xom.
  1203 | D:2      | You fall into a shaft and drop 2 floors!
  1204 | D:4      | Noticed a phantom
  1223 | D:4      | Noticed Natasha
  1235 | D:4      | Killed Natasha
  1236 | D:4      | Reached skill level 4 in Shields
  1236 | D:4      | Reached XP level 4. HP: 19/29 MP: 4/4
  1291 | D:4      | Killed a phantom
  1292 | D:4      | Reached XP level 5. HP: 13/33 MP: 5/5
  1501 | D:4      | Noticed a necrophage
  1518 | D:4      | Killed a necrophage
  1519 | D:4      | Reached XP level 6. HP: 33/38 MP: 6/6
  1575 | D:4      | Gained mutation: You are somewhat resistant to further
                  | mutation. [potion of mutation]
  1645 | D:3      | Noticed Robin
  1674 | D:3      | Reached skill level 1 in Dodging
  2450 | D:3      | Reached XP level 7. HP: 17/44 MP: 7/7
  3172 | D:3      | Reached skill level 5 in Maces & Flails
  3307 | D:3      | Killed Robin
  3308 | D:3      | Reached skill level 5 in Shields
  3436 | D:5      | Entered Level 5 of the Dungeon
  3912 | D:4      | Noticed Natasha
  3917 | D:4      | Killed Natasha
  4398 | D:5      | Noticed Edmund
  4457 | D:5      | Killed Edmund
  4458 | D:5      | Reached XP level 8. HP: 12/48 MP: 8/8
  4802 | D:5      | Reached skill level 5 in Fighting
  4802 | D:5      | Reached skill level 5 in Armour
  4863 | D:5      | Reached skill level 6 in Shields
  5157 | D:5      | Noticed Eustachio
  5261 | D:5      | Killed Eustachio
  5511 | D:5      | Found a sparkling altar of Nemelex Xobeh.
  5511 | D:5      | Found an opulent altar of Gozag.
  5563 | D:6      | Noticed Pikel
  5587 | D:6      | Killed Pikel
  5588 | D:6      | Reached skill level 7 in Shields
  5588 | D:6      | Reached XP level 9. HP: 53/54 MP: 9/9
  5870 | D:6      | Found a staircase to the Ecumenical Temple.
  6049 | D:6      | Found a burning altar of Makhleb.
  6352 | Temple   | Entered the Ecumenical Temple
  6480 | Temple   | Became a worshipper of the Shining One
  6732 | D:7      | Found a flagged portal.
  6762 | Bailey   | Entered a bailey
  7024 | Bailey   | Reached skill level 8 in Shields
  7182 | Bailey   | Noticed an orc knight
  7210 | Bailey   | Killed an orc knight
  7244 | Bailey   | Noticed an orc knight
  7297 | Bailey   | Killed an orc knight
  7298 | Bailey   | Reached XP level 10. HP: 16/61 MP: 10/10
  7453 | Bailey   | Noticed an orc warlord
  7481 | Bailey   | Killed an orc warlord
  7482 | Bailey   | Reached skill level 10 in Maces & Flails
  7482 | Bailey   | Reached skill level 9 in Shields
  7639 | Bailey   | Noticed an orc knight
  7658 | Bailey   | Killed an orc knight
  7843 | Bailey   | Noticed an orc knight
  7899 | Bailey   | Killed an orc knight
  8387 | D:7      | Reached XP level 11. HP: 62/67 MP: 11/11
  8432 | D:7      | Reached skill level 10 in Shields
  8619 | D:7      | Noticed a two-headed ogre
  8639 | D:7      | Killed a two-headed ogre
  8640 | D:7      | Reached skill level 1 in Invocations
  8677 | D:7      | Found a snail-covered altar of Cheibriados.
  8679 | D:7      | Found a white marble altar of Elyvilon.
  8683 | D:7      | Found a shadowy altar of Dithmenos.
  8689 | D:7      | Found a glowing silver altar of Zin.
  8855 | D:8      | Found a hide-covered altar of Uskayaw.
  8866 | D:8      | Noticed Maurice
  8879 | D:8      | Killed Maurice
  9031 | D:8      | Found a bloodstained altar of Trog.
  9110 | D:8      | Reached * piety under the Shining One
 10029 | D:9      | Identified 2 scrolls of acquirement
 10234 | D:9      | Found a staircase to the Lair.
 10297 | D:9      | Reached ** piety under the Shining One
 10453 | D:9      | Found an iron altar of Okawaru.
 10647 | D:9      | Found a sacrificial altar of Ru.
 10764 | D:9      | Noticed Prince Ribbit
 10767 | D:9      | Noticed Maggie
 10783 | D:9      | Killed Maggie
 10784 | D:9      | Reached skill level 11 in Shields
 10789 | D:9      | Killed Prince Ribbit
 10991 | D:10     | Entered Level 10 of the Dungeon
 11311 | D:10     | Reached *** piety under the Shining One
 11354 | D:10     | HP: 1/68 [meliai simulacrum (17)]
 11752 | D:10     | Reached XP level 12. HP: 59/73 MP: 15/15
 12140 | D:11     | Got a bronze ring mail
 12151 | D:11     | Identified the +3 ring mail of Sif Muna's Approval {Dex+3
                  | Slay+2} (You found it on level 11 of the Dungeon)
 12208 | D:11     | Reached **** piety under the Shining One
 12703 | D:11     | Found a portal to a secret trove of treasure.
 12870 | D:11     | Reached skill level 12 in Shields
 12870 | D:11     | Reached skill level 5 in Invocations
 12883 | D:11     | Noticed a two-headed ogre
 12890 | D:11     | Killed a two-headed ogre
 12956 | D:11     | Got a warped lead ring
 12961 | D:11     | Identified the cursed ring of Pyromania {rF+ AC-4} (You
                  | found it on level 11 of the Dungeon)
 13052 | D:11     | Noticed a two-headed ogre
 13058 | D:11     | Killed a two-headed ogre
 13814 | D:10     | Found a staircase to the Orcish Mines.
 14131 | D:10     | Found an opulent altar of Gozag.
 14560 | D:12     | Reached XP level 13. HP: 78/80 MP: 17/17
 14640 | D:12     | Reached skill level 13 in Shields
 15212 | D:13     | Reached skill level 10 in Fighting
 15241 | D:13     | Reached skill level 5 in Dodging
 15318 | D:13     | Noticed Snorg
 15338 | D:13     | Killed Snorg
 15537 | D:13     | Reached ***** piety under the Shining One
 16208 | Lair:1   | Entered Level 1 of the Lair of Beasts
 16457 | Lair:1   | Identified Huin's Grimoire of the Rocks and the Escort
 16505 | Lair:1   | Got an amber-encrusted chain mail
 16516 | Lair:1   | Identified the +8 chain mail "Ciasol" {rF+} (You found it
                  | on level 1 of the Lair of Beasts)
 17049 | Lair:2   | Found a dark tunnel.
 17061 | Volcano  | Entered a volcano
 17177 | Volcano  | Reached skill level 14 in Shields
 17354 | Volcano  | Paralysed by a wizard for 3 turns
 17673 | Lair:2   | Gained mutation: Your large and strong wings let you fly
                  | indefinitely. [Gargoyle growth]
 17673 | Lair:2   | Reached XP level 14. HP: 88/88 MP: 20/20
 18441 | Lair:3   | Found a hole to the Spider Nest.
 18862 | Lair:3   | Reached skill level 15 in Shields
 19369 | Lair:4   | HP: 4/90 [acid (10)]
 19371 | Lair:4   | Splashed by an oklob plant's acid

Illustrated notes

Levels and vault maps discovered:
D:1:      sevenhm_arrival_forest_fort_small_4, layout_basic
D:2:      layout_basic, xom_teletrap_fun
D:3:      layout_loops_ring, st_stairs_14, uniq_robin
D:4:      layout_cave_pods, uniq_natasha
D:5:      layout_rooms, grunt_temple_overflow_opulence,
          mumra_transporter_accident, uniq_eustachio, uniq_edmund
D:6:      layout_basic, makhleb_blood_cavern_becter,
          minmay_temple_entry_large_hall, uniq_pikel
D:7:      layout_rooms, minitemple, enter_bailey_5
D:8:      layout_basic, old_standard_altar, kennysheep_mini,
          minmay_fractal_squares_diagonal_5, uniq_maurice
D:9:      layout_loops_ring, okawaru_trees_2, nicolae_overflow_crystal_walls,
          erik_lair_orcish_takeover, uniq_prince_ribbit1, uniq_maggie
D:10:     layout_irregular_city, erik_orc_4, serial_ice, serial_ice_k,
          serial_ice_n, serial_ice_g, serial_ice_m, serial_ice_f, serial_ice_d,
          serial_ice_b, nicolae_gozag_cash_rules_everything_around_me
D:11:     minmay_the_grid_plus [minmay_the_grid_doors, minmay_the_grid_gridbox,
          minmay_the_grid_stretched_grid, minmay_the_grid_empty,
          minmay_the_grid_prize_four_corners_diamond_a], layout_basic,
          nicolae_trove_entry_free_sample, kennysheep_donut
D:12:     layout_roguey
D:13:     layout_gridville, special_room [special_room_orc], serial_park_tiny_2,
          kennysheep_treasure_room, uniq_snorg
Temple:   minmay_temple_curvy_loop
Lair:1:   layout_roguey, infiniplex_staircase_pool_2, grunt_megastairs_4
Lair:2:   layout_gridlike, nicolae_volcano_entry_two_sided, special_room
          [special_room_bee], wad_woods_river_03
Lair:3:   layout_cave_pods, nicolae_spider_entry_orb_guardian
Lair:4:   layout_hall_layers, minmay_shoals_entry_hut, serial_bayou_shore_b,
          minmay_lair_oklob_chamber, grunt_megastairs_1, serial_bayou_shore_a,
          lemuel_fruit_tree

Skill      XL: |  1  2  3  4  5  6  7  8  9 10 11 12 13 14 |
---------------+-------------------------------------------+-----
Maces & Flails | 3 4 6 7 9 10 12 | 12.0
Shields        | 4 5 7 8 9 11 12 14 15 | 15.1
Fighting       | 4 5 6 7 8 9 10 11 | 11.5
Armour         | 4 5 6 7 8 |  8.8
Dodging        | 1 2 4 5 6 |  6.4
Invocations    | 4 6 8 9 |  9.1

Action                   |  1- 3 |  4- 6 |  7- 9 | 10-12 | 13-15 || total
-------------------------+-------+-------+-------+-------+-------++-------
Melee: Flail             |    36 |       |       |       |       ||    36
       Mace              |    87 |   116 |   620 |  1031 |       ||  1854
       Morningstar       |       |       |       |   143 |   467 ||   610
 Abil: Evoke Flight      |       |       |       |     1 |       ||     1
  Use: Potion            |       |     3 |     3 |     4 |     5 ||    15
       Scroll            |       |     1 |     5 |    13 |     9 ||    28
Armor: Scale mail        |    60 |    67 |     7 |       |       ||   134
       Chain mail        |       |       |   331 |     4 |     8 ||   343
       Plate armour      |       |       |       |   346 |       ||   346
       Ring mail         |       |       |       |    85 |   174 ||   259
       Fire dragon scale |       |       |       |       |    18 ||    18
Dodge: Dodged            |    41 |    36 |   168 |   257 |   186 ||   688
Block: Kite shield       |    61 |    80 |   373 |   693 |   502 ||  1709
       Reflection        |       |       |       |     8 |    15 ||    23
